 Dungeon Crawl Stone Soup version 0.30-a0-723-gc1506a1cf0 (webtiles) character file.

Game seed: 9742027409953058389

40296 Pooter the Severer (level 13, -2/125 HPs)
             Began as a Minotaur Berserker on Jan 28, 2023.
             Was a High Priest of Trog.
             Slain by a manticore (7 damage)
             ... on level 5 of the Lair of Beasts.
             The game lasted 01:27:10 (16635 turns).

Pooter the Severer (Minotaur Berserker)            Turns: 16635, Time: 01:27:10

Health: -2/125     AC: 15    Str: 26    XL:     13   Next: 73%
Magic:  12/12      EV:  9    Int:  4    God:    Trog [*****.]
Gold:   421        SH:  5    Dex: 11    Spells: 12/12 levels left

rFire   . . .      SeeInvis .    a - +9 battleaxe (heavy)
rCold   + + +      Faith    .    (shield currently unavailable)
rNeg    . . .      Spirit   .    Y - +0 shadow dragon scales
rPois   .          Reflect  +    (helmet restricted)
rElec   .          Harm     .    U - scarf {repulsion}
rCorr   .          Rampage  .    m - +1 pair of gloves of Amorality {rC++}
Will    +....                    K - +0 pair of boots
Stlth   ++                       c - amulet of reflection
HPRegen 0.40/turn                G - ring of protection from cold
MPRegen 0.13/turn                v - ring of willpower

@: lethally poisoned (-2 -> -7), slowed, repel missiles, very slow
A: horns 2, retaliatory headbutt
a: Renounce Religion, Berserk, Trog's Hand, Brothers in Arms


You were on level 5 of the Lair of Beasts.
You worshipped Trog.
Trog was extremely pleased with you.
You visited 3 branches of the dungeon, and saw 16 of its levels.
You also visited: Bailey.

You collected 992 gold pieces.
You spent 571 gold pieces at shops.

Inventory:

Hand Weapons
 a - a +9 heavy battleaxe (weapon)
   (You bought it in a shop on level 1 of the Dungeon)
 b - a +1 longbow of flaming
   (You took it off Nessos on level 4 of the Lair of Beasts)
 j - a +4 glaive of freezing
   (You took it off Harold on level 1 of the Lair of Beasts)
 p - a +0 heavy flail
   (You found it on level 8 of the Dungeon)
Missiles
 d - 4 boomerangs
 i - 3 curare-tipped darts
 s - 2 throwing nets {!f}
 y - a boomerang of dispersal {!f}
 C - 27 poisoned darts (quivered)
 Q - 79 stones
 W - 17 javelins
Armour
 m - the +1 pair of gloves of Amorality (worn) {rC++}
   (You found it on level 7 of the Dungeon)

   rC:        It greatly protects you from cold.
 A - a +0 plate armour
   (You found it on level 7 of the Dungeon)
 K - a +0 pair of boots (worn)
   (You found it on level 5 of the Dungeon)
 U - a scarf of repulsion (worn)
   (You found it on level 10 of the Dungeon)
 Y - +0 shadow dragon scales (worn)
   (You found it in a bailey)
Jewellery
 c - an amulet of reflection (around neck)
   (You found it on level 1 of the Dungeon)
 v - a ring of willpower (right hand)
   (You found it on level 3 of the Dungeon)
 G - a ring of protection from cold (left hand)
   (You found it on level 5 of the Dungeon)
 I - a ring of protection from cold
   (You found it on level 4 of the Dungeon)
 N - a ring of positive energy
   (You found it on level 1 of the Lair of Beasts)
 X - the necklace of Bloodlust {Fury *Rage Will++ Int-3 Slay+6}
   (You found it in a bailey)

   [amulet of nothing]

   Fury:      It extends the wearer's berserk rage when killing foes.
   Int:       It affects your intelligence (-3).
   Slay:      It affects your accuracy & damage with ranged weapons and melee
   (+6).
   *Rage:     It berserks you when you make melee attacks (+50% chance).
   Will:      It greatly increases your willpower.
Wands
 f - a wand of flame (12)
   (You found it on level 7 of the Dungeon)
 B - a wand of charming (6)
   (You found it on level 2 of the Lair of Beasts)
 D - a wand of digging (7)
   (You found it on level 3 of the Dungeon)
 H - a wand of mindburst (9)
   (You found it on level 3 of the Lair of Beasts)
 M - a wand of roots (4)
   (You found it on level 6 of the Dungeon)
 V - a wand of light (3)
   (You found it on level 4 of the Lair of Beasts)
Scrolls
 h - 3 scrolls of fog
 k - 4 scrolls of vulnerability {!r}
 n - 2 scrolls of poison {!r}
 r - 3 scrolls of fear
 t - 4 scrolls of teleportation {@r4}
 u - 2 scrolls of immolation {!r}
 E - a scroll of blinking
 L - a scroll of torment {!r}
Potions
 e - 2 potions of brilliance {unknown}
 g - 3 potions of heal wounds {@q2}
 l - 4 potions of mutation {!q}
 o - 6 potions of lignification {!q}
 q - 11 potions of curing {@q1}
 w - 2 potions of invisibility {unknown}
 z - 3 potions of ambrosia
 F - 4 potions of cancellation
 J - a potion of might {unknown}
 O - a potion of degeneration {unknown}
 P - 3 potions of haste {@q3}
 R - a potion of flight {unknown}
 S - a potion of resistance
 T - a potion of berserk rage {unknown}
 Z - a potion of attraction {unknown}
Miscellaneous
 x - a phantom mirror
   (You found it on level 1 of the Lair of Beasts)


   Skills:
 + Level 14.8 Fighting
 * Level 19.4(19.5) Axes
 - Level 1.7(12.9) Maces & Flails
 - Level 1.7(12.9) Polearms
 + Level 7.7 Ranged Weapons
 - Level 2.4 Armour
 - Level 2.1 Dodging
 * Level 7.1 Stealth
 + Level 6.2 Evocations


You had 12 spell levels left.
You didn't know any spells.
Your spell library was empty.

Dungeon Overview and Level Annotations

Branches:
Dungeon (10/15)            Temple (1/1) D:6            Lair (5/5) D:8
  Swamp (0/4) Lair:3       Spider (0/4) Lair:3        Slime (0/5) Lair:4
 Bailey (visited)
    Orc: D:9-12

Altars:
Ashenzari
Cheibriados
Dithmenos
Elyvilon
Fedhas
Kikubaaqudgha
Sif Muna
Trog
Xom
Yredelemnul
Zin
The Shining One
Jiyva

Shops:
D:1 (   D:3 *   D:7 !

Annotations:
D:10 3 runed translucent doors, flotson's ghost, journeyman DsDe


Innate Abilities, Weirdness & Mutations

You have a pair of horns on your head.
You reflexively headbutt those who attack you in melee.


Message History

The hornet stings you but does no damage.
A komodo dragon comes into view.
The manticore bites you but does no damage.
The manticore claws you but does no damage. x2
The hornet stings you but does no damage.
The hornet stings you.
* * * LOW HITPOINT WARNING * * *
You feel yourself slow down. The hornet barely misses you.
The merfolk avatar chants its luring song.
The manticore bites you but does no damage.
The manticore claws you.
* * * LOW HITPOINT WARNING * * *
The manticore completely misses you.
You hear the deafening beating of a very distant drum.
The hornet stings you.
* * * LOW HITPOINT WARNING * * *
You are poisoned.
You feel as though you will be slow longer.
The hornet stings you!
* * * LOW HITPOINT WARNING * * *
You shrug off the repeated paralysis!
The merfolk avatar chants its luring song.
The hornet stings you.
* * * LOW HITPOINT WARNING * * *
You feel as though you will be slow longer.
The manticore bites you!
* * * LOW HITPOINT WARNING * * *
The manticore claws you.
* * * LOW HITPOINT WARNING * * *
The manticore claws you but does no damage.
You can move again.
Unknown command.
You hit the merfolk avatar. You headbutt the merfolk avatar.
You closely miss the manticore. You slice the hornet!!
You open the hornet like a pillowcase!!!
You kill the hornet!
Trog accepts your kill.
You feel very sick.
The drowned soul returns to the deep!
You block the hornet's attack. The hornet stings you.
* * * LOW HITPOINT WARNING * * *
You feel as though you will be slow longer.
The merfolk avatar stops singing.
You are no longer entranced.
The manticore bites you!
* * * LOW HITPOINT WARNING * * *
The manticore claws you but does no damage.
The manticore claws you!
You die...

#.~~⌠# ##.... 8.~~# #.... #~~~#
##.... # #†~~# P.#..... #! #l~~#
........ #)≈ #~~~# ........ #!!)
#~~~# ....... ~##~~~#Hy~# ##.....
.8~P~m8@~~#~m##.~ ###...
~~~~~k~~~⌠~~~~~~####....
##~~~.#####~~~~~~~ #....
~~.~~~~~~ #~~~~.~# #....
~#~88~#~#~#.~~#..###....
~~~~~~~.~~#~~##~~~##....
~P~~##~##~~~##~~~#~~~~.~##.....
...~~~~~~.~.~~~~~~~~~~(((†.#.....
P. #~~#~~.##~~~~~~#~~~##~.††.....


You could see a merfolk avatar, a manticore, a komodo dragon, a rime drake and a
hornet.

Vanquished Creatures
  The ghost of sokol815 the Devastator, a journeyman DgCj (Lair:2)
  Nessos (Lair:4)
  Harold (Lair:1)
  2 hydras
  A catoblepas (Lair:3)
  Urug (Lair:1)
  A harpy (Lair:5)
  4 orc knights (Bailey)
  3 oklob plants (Lair:3)
  2 manticores (Lair:5)
  5 black mambas (Lair:5)
  17 elephants
  12 cane toads
  A rime drake (Lair:2)
  2 komodo dragons
  2 trolls
  2 hornets
  3 polar bears
  5 blink frogs (Lair:4)
  12 dream sheep
  5 wyverns
  53 yaks
  4 basilisks
  A shadow (D:9)
  8 water moccasins
  An ice beast (D:5)
  5 black bears
  5 orc warriors
  7 wolves
  An ogre (D:5)
  A centaur (D:10)
  A kobold brigand (D:7)
  A gnoll sergeant (D:9)
  5 scorpions
  23 bullfrogs
  12 killer bees
  7 electric eels
  12 hounds
  3 jellies
  An orc priest (D:9)
  Terence (D:2)
  7 hell rats (Lair:2)
  2 iguanas
  6 orc wizards
  A hound zombie (D:3)
  11 gnolls
  6 adders
  2 shadow imps
  An ufetubus (D:4)
  5 worms
  2 dart slugs
  35 orcs
  9 endoplasms
  5 giant cockroaches
  4 goblins
  4 hobgoblins
  6 jackals
  3 quokkas
  2 ball pythons
  A ball python zombie (D:3)
  5 bats
  3 frilled lizards
  9 kobolds
  A quokka zombie (D:3)
  3 rats
  A bush (Lair:3)
  A plant (Lair:2)
370 creatures vanquished.

Vanquished Creatures (others)
  Sonja (Lair:5)
  A kobold (D:7)
  2 bushes (Lair:5)
  29 fungi
  55 plants
88 creatures vanquished.

Grand Total: 458 creatures vanquished

Notes
Turn   | Place    | Note
-------+----------+-------------------------------------------
     0 | D:1      | Pooter the Minotaur Berserker began the quest for the Orb.
     0 | D:1      | Reached XP level 1. HP: 19/19 MP: 0/0
   222 | D:1      | Reached XP level 2. HP: 25/27 MP: 1/1
   494 | D:1      | Found Usyemoysk's Antique Weapon Shop.
   905 | D:2      | Reached skill level 4 in Axes
  1129 | D:2      | Found a faded altar of an unknown god.
  1131 | D:2      | Noticed Terence
  1140 | D:2      | Killed Terence
  1141 | D:2      | Reached skill level 1 in Stealth
  1141 | D:2      | Reached XP level 3. HP: 34/34 MP: 2/2
  1661 | D:2      | Reached XP level 4. HP: 41/41 MP: 3/3
  1689 | D:2      | Upgraded the game from 0.30-a0-722-g3e6e8c874d to
                  | 0.30-a0-723-gc1506a1cf0
  1740 | D:3      | Found an ancient bone altar of Kikubaaqudgha.
  1792 | D:3      | Reached skill level 5 in Fighting
  1792 | D:3      | Reached skill level 1 in Maces & Flails
  1909 | D:3      | Reached ** piety under Trog
  1913 | D:3      | Found a basalt altar of Yredelemnul.
  1962 | D:3      | Found Ejoazxif's General Store.
  1967 | D:3      | Bought a scroll of identify for 28 gold pieces
  2552 | D:3      | Reached skill level 1 in Polearms
  2552 | D:3      | Reached XP level 5. HP: 48/48 MP: 4/4
  2557 | D:3      | Found a glowing silver altar of Zin.
  2593 | D:3      | Found a faded altar of an unknown god.
  2598 | D:3      | Found a bloodstained altar of Trog.
  2888 | D:4      | Found a shadowy altar of Dithmenos.
  2910 | D:4      | Reached skill level 1 in Ranged Weapons
  3222 | D:4      | Found a broken altar of Ashenzari.
  3635 | D:1      | Bought a glowing battleaxe for 228 gold pieces
  3809 | D:5      | Entered Level 5 of the Dungeon
  3894 | D:4      | Reached XP level 6. HP: 57/57 MP: 5/5
  4028 | D:4      | Reached skill level 5 in Axes
  4518 | D:5      | Noticed a yak
  4545 | D:5      | Reached skill level 6 in Axes
  4549 | D:5      | Reached XP level 7. HP: 58/64 MP: 6/6
  4581 | D:5      | Reached skill level 7 in Axes
  4591 | D:5      | Killed a yak
  4715 | D:5      | Reached skill level 8 in Axes
  4835 | D:5      | Reached XP level 8. HP: 70/73 MP: 7/7
  4942 | D:5      | Found a basalt altar of Yredelemnul.
  4960 | D:5      | Reached skill level 9 in Axes
  5513 | D:6      | Found a staircase to the Ecumenical Temple.
  5541 | D:6      | Found a white marble altar of Elyvilon.
  5553 | Temple   | Entered the Ecumenical Temple
  6540 | D:7      | Found Imixkuno's Distillery.
  6586 | D:7      | Reached skill level 10 in Axes
  6732 | D:7      | Reached *** piety under Trog
  6796 | D:7      | Reached skill level 11 in Axes
  6796 | D:7      | Reached XP level 9. HP: 41/83 MP: 8/8
  6958 | D:7      | Identified the +1 pair of gloves of Amorality {rC++}
  7486 | D:7      | Reached skill level 12 in Axes
  7555 | D:8      | Noticed a troll
  7564 | D:8      | Killed a troll
  7565 | D:8      | Reached skill level 10 in Fighting
  7773 | D:8      | Found a staircase to the Lair.
  7967 | D:7      | Bought a potion of curing for 45 gold pieces
  7967 | D:7      | Bought a potion of resistance for 150 gold pieces
  7967 | D:7      | Bought a potion of cancellation for 120 gold pieces
  8182 | D:8      | Found a glowing golden altar of the Shining One.
  8364 | D:8      | Reached skill level 13 in Axes
  8783 | D:8      | Reached XP level 10. HP: 89/94 MP: 9/9
  9013 | D:9      | Identified the +0 chain mail of Grot {Will+}
  9030 | D:9      | Reached skill level 14 in Axes
  9463 | D:9      | Found a shimmering blue altar of Sif Muna.
  9625 | D:10     | Entered Level 10 of the Dungeon
  9669 | D:10     | Found a flagged portal.
  9680 | Bailey   | Entered a bailey
  9867 | Bailey   | Noticed an orc knight
  9867 | Bailey   | Noticed an orc knight
  9867 | Bailey   | Noticed an orc knight
  9885 | Bailey   | Reached skill level 15 in Axes
  9894 | Bailey   | Killed an orc knight
  9976 | Bailey   | Killed an orc knight
 10036 | Bailey   | Killed an orc knight
 10114 | Bailey   | Found the necklace of Bloodlust {Fury *Rage Will++ Int-3
                  | Slay+6}
 10143 | Bailey   | Noticed an orc knight
 10156 | Bailey   | Killed an orc knight
 10157 | Bailey   | Reached XP level 11. HP: 86/105 MP: 10/10
 10379 | D:10     | Reached skill level 16 in Axes
 10465 | D:10     | Found a runed translucent gate.
 10465 | D:10     | Found a runed translucent gate.
 10465 | D:10     | Found a runed translucent gate.
 10466 | D:10     | Noticed a glowing orange brain
 10469 | D:10     | Noticed flotson's ghost (journeyman DsDe)
 10836 | D:10     | Found a viscous altar of Jiyva.
 10881 | Lair:1   | Entered Level 1 of the Lair of Beasts
 10886 | Lair:1   | Noticed Urug
 10896 | Lair:1   | Killed Urug
 10924 | Lair:1   | Noticed Harold
 10929 | Lair:1   | Reached skill level 1 in Evocations
 10929 | Lair:1   | Killed Harold
 11080 | Lair:1   | Identified the +11 hand axe of Discord {vamp, rF+}
 12310 | Lair:2   | Reached skill level 17 in Axes
 12565 | Lair:2   | Found a runed translucent gate.
 12567 | Lair:2   | Found a runed translucent gate.
 12567 | Lair:2   | Found a runed translucent gate.
 12572 | Lair:2   | Noticed sokol815's ghost (journeyman DgCj)
 12614 | Lair:2   | Killed sokol815's ghost
 12615 | Lair:2   | Reached XP level 12. HP: 88/115 MP: 11/11
 12996 | Lair:2   | Reached skill level 5 in Ranged Weapons
 13325 | Lair:2   | Reached **** piety under Trog
 13730 | Lair:3   | Reached skill level 18 in Axes
 13939 | Lair:3   | Noticed a seven-headed hydra
 13944 | Lair:3   | Killed an eight-headed hydra
 13995 | Lair:3   | Reached skill level 5 in Evocations
 14146 | Lair:3   | Reached skill level 5 in Stealth
 14152 | Lair:3   | Reached XP level 13. HP: 69/124 MP: 12/12
 14443 | Lair:3   | Found a hole to the Spider Nest.
 14620 | Lair:3   | Found a staircase to the Swamp.
 15541 | Lair:4   | Reached skill level 19 in Axes
 15565 | Lair:4   | Reached ***** piety under Trog
 15585 | Lair:4   | Found a staircase to the Slime Pits.
 15622 | Lair:4   | Noticed Nessos
 15634 | Lair:4   | Killed Nessos
 16166 | Lair:5   | Entered Level 5 of the Lair of Beasts
 16230 | Lair:5   | Noticed Sonja
 16252 | Lair:5   | Killed Sonja
 16632 | Lair:5   | Paralysed by a hornet for 3 turns
 16635 | Lair:5   | HP: 5/125 [manticore (10)]
 16635 | Lair:5   | Slain by a manticore

Illustrated notes

Levels and vault maps discovered:
D:1:      minmay_arrival_five_plusses, layout_basic, serial_shops,
          nicolae_shop_advertising_works [nicolae_subvault_shop_adworks],
          minmay_octomino_e4
D:2:      layout_loops_corners, ebering_ecumenical_altar_abandoned, uniq_terence
D:3:      layout_loops_corners, nicolae_overflow_hidden_temple,
          nicolae_overflow_ecumenical_swirl, mainiacjoe_overflow_boulevard,
          nicolae_yredelemnul_corpse_copse, serial_shops, shop
D:4:      layout_gridville, ashenzari_altar_1,
          mainiacjoe_overflow_surrounded_room
D:5:      minmay_clustersquares, layout_loops_ring, kennysheep_donut,
          kennysheep_small_circle
D:6:      layout_layer_cave, nicolae_elyvilon_peaceful_grove,
          minmay_temple_entry_glass
D:7:      layout_cave_pools, serial_shops, nicolae_take_the_stairs, st_stairs_1
D:8:      layout_loops_cross, kennysheep_mini_moat, erik_lair_island
D:9:      layout_basic, lemuel_blue_sif_altar
D:10:     layout_basic, gammafunk_ghost_ooze, enter_bailey_6
Temple:   nicolae_temple_bog_church
Lair:1:   layout_regular_city, nicolae_quartered_pool_super, uniq_urug,
          uniq_harold
Lair:2:   wander_river, layout_cave_pods, ebering_ghost_rock_garden,
          st_stairs_12
Lair:3:   layout_cave_pods, swamp_mist_pool, nicolae_spider_entry_non_spiders,
          dpeg_oklob_1
Lair:4:   layout_loops_ring, slime_entry_1, grunt_megastairs_3,
          serial_bayou_shore_b, uniq_nessos
Lair:5:   gammafunk_lair_ancient_temple, layout_hall_layers,
          gauntlet_entry_generic, wad_woods_06, minivault_23,
          serial_bayou_shore_a, uniq_sonja

Skill      XL: |  1  2  3  4  5  6  7  8  9 10 11 12 13 |
---------------+----------------------------------------+-----
Fighting       | 4 5 6 7 9 10 12 13 14 | 14.8
Axes           | 4 6 8 11 13 15 17 18 19 | 19.4
Stealth        | 1 2 5 7 |  7.1
Maces & Flails | 1 |  1.7
Polearms       | 1 |  1.7
Ranged Weapons | 1 4 6 7 |  7.7
Evocations     | 3 5 6 |  6.2
Armour         | |  2.4
Dodging        | |  2.1

Action                     |  1- 3 |  4- 6 |  7- 9 | 10-12 | 13-15 || total
---------------------------+-------+-------+-------+-------+-------++-------
  Melee: Hand axe          |    60 |       |       |       |       ||    60
         Headbutt          |     9 |    10 |    15 |    51 |    25 ||   110
         Flail             |    19 |    23 |       |       |       ||    42
         Punch             |     1 |       |       |       |       ||     1
         Spear             |       |    36 |       |       |       ||    36
         Battleaxe         |       |    15 |   117 |   237 |   129 ||   498
   Fire: Sling             |       |    44 |    14 |    21 |       ||    79
         Shortbow          |       |       |       |    32 |     9 ||    41
         Longbow           |       |       |       |       |    21 ||    21
  Throw: Boomerang         |     4 |     3 |       |       |       ||     7
         Dart              |       |       |     3 |    30 |    16 ||    49
 Invoke: Berserk           |     1 |     1 |     6 |     9 |     2 ||    19
         Trog's Hand       |       |     1 |     6 |    15 |     3 ||    25
  Evoke: Wand              |       |       |    15 |     4 |     4 ||    23
    Use: Scroll            |     4 |     4 |       |    11 |     4 ||    23
         Potion            |       |       |     2 |     2 |       ||     4
   Stab: Sleeping          |     1 |       |       |     3 |     1 ||     5
         Distracted        |       |       |       |     1 |       ||     1
 Armour: Animal skin       |     6 |       |       |       |       ||     6
         Chain mail        |    13 |    35 |    25 |       |       ||    73
         Plate armour      |       |       |    60 |    50 |       ||   110
         Shadow dragon sca |       |       |       |    70 |    84 ||   154
  Dodge: Dodged            |    35 |    38 |    64 |   112 |    48 ||   297
         Repelled          |       |       |       |       |     2 ||     2
  Block: Other             |     9 |    15 |    28 |    60 |    29 ||   141
         Reflection        |       |     1 |     2 |     1 |     1 ||     5

Table legend: (Time is in decaauts)
 A = Elapsed time spent in this place.
 B = Non-inter-level travel time spent in this place.
 C = Inter-level travel time spent in this place.
 D = Time resting spent in this place.
 E = Time spent auto-exploring this place.
 F = Levels seen in this place.
 G = Mean time per level.
                   A        B        C        D        E       F      G
               +--------+--------+--------+--------+--------+-----+--------+
         Total |  17123 |  16432 |    691 |   3458 |  10026 |  17 | 1007.2 |
       Dungeon |  10366 |   9784 |    582 |   2037 |   6186 |  10 | 1036.6 |
        Temple |    126 |    126 |      0 |    125 |      0 |   1 |  126.0 |
          Lair |   5946 |   5837 |    109 |   1000 |   3752 |   5 | 1189.2 |
        Bailey |    683 |    683 |      0 |    295 |     87 |   1 |  683.0 |
               +--------+--------+--------+--------+--------+-----+--------+

Top non-repeatable levels by time:
  Lair:3: 1635 daAuts
  Lair:2: 1532 daAuts
  Lair:1: 1450 daAuts
     D:8: 1367 daAuts
     D:5: 1275 daAuts
     D:2: 1249 daAuts
     D:4: 1126 daAuts
     D:7: 1097 daAuts
     D:3: 1071 daAuts
     D:6: 985 daAuts
  Lair:4: 947 daAuts
     D:9: 825 daAuts
     D:1: 773 daAuts
  Bailey: 683 daAuts
    D:10: 593 daAuts
